 Dungeon Crawl Stone Soup version 0.28.0-43-g3370ac3207 (webtiles) character file.

Game seed: 17737762184596972757

90 Faeu the Skirmisher (level 4, -13/41 HPs)
             Began as a Minotaur Fighter on Mar 25, 2022.
             Killed from afar by a steam dragon (20 damage)
             ... with a ball of steam
             ... on level 3 of the Dungeon on Mar 26, 2022.
             The game lasted 00:08:18 (2038 turns).

Faeu the Skirmisher (Minotaur Fighter)              Turns: 2038, Time: 00:08:18

Health: -13/41     AC:  7    Str: 22    XL:     4   Next: 32%
Magic:  3/3        EV:  9    Int:  5    God:
Gold:   193        SH:  4    Dex: 10    Spells: 3/3 levels left

rFire   . . .      SeeInvis .   a - +0 long sword {long}
rCold   . . .      Faith    .   c - +0 buckler
rNeg    . . .      Spirit   .   b - +0 scale mail
rPois   .          Reflect  .   (helmet restricted)
rElec   .          Harm     .   (no cloak)
rCorr   .          Rampage  .   (no gloves)
Will    .....                   (no boots)
Stlth   ..........              (no amulet)
HPRegen 0.13/turn               (no ring)
MPRegen 0.08/turn               (no ring)

@: no status effects
A: horns 2, retaliatory headbutt
a: no special abilities


You were on level 3 of the Dungeon.
You visited 1 branch of the dungeon, and saw 3 of its levels.

You collected 193 gold pieces.


Innate Abilities, Weirdness & Mutations

You have a pair of horns on your head.
You reflexively headbutt those who attack you in melee.


   Skills:
 + Level 4.4 Fighting
 + Level 3.5 Long Blades
 + Level 4.4 Armour
 + Level 4.4 Shields


You had 3 spell levels left.
You didn't know any spells.
Your spell library contained the following spells:

 Spells                   Type           Power      Damage    Failure   Level
 Summon Small Mammal      Summ           0%         N/A       87%         1

Inventory:

Hand Weapons
 a - a +0 long sword (weapon) {long}
 h - a +0 hunting sling of flaming {sling}
   (You found it on level 1 of the Dungeon)
Missiles
 n - 4 poisoned darts (quivered) {throwing}
Armour
 b - a +0 scale mail (worn)
 c - a +0 buckler (worn)
Wands
 m - a wand of charming (4)
   (You found it on level 2 of the Dungeon)
Scrolls
 e - a scroll of immolation {unknown}
 f - 2 scrolls of identify {unknown}
 i - a scroll of holy word {unknown}
 j - a scroll of summoning {unknown}
 l - a scroll of vulnerability {unknown}
Potions
 d - a potion of might
 g - a potion of haste {unknown}
 k - a potion of curing {unknown}
 o - a potion of berserk rage {unknown}

Dungeon Overview and Level Annotations

Branches:
Dungeon (3/15)

Altars:
Vehumet

...)...###.....#..........#
####.#####.....##..#####...
####โ€ .###......##.## ##.
................#.# ##
..^^......^.....#.# ...
#.#._.#.#.#.......#..#
#P#####.#.#.####....#
.#P.P..#.#..#.ยง..###
#.#####P#P.....ยง@D.#
P#.PP.P#........##...#
.P#####.....>.........#
...........#..#.#.#.....
###.#.)....#......# ..#
##...#.#####.#.#..# ..
##......# #........ .
<......## #.##....#
##..####


You could see a steam dragon (catching breath).


Message History

There is an escape hatch in the ceiling here.
You now have 162 gold pieces (gained 10).
A ball python comes into view.
The ball python hisses angrily.
You barely miss the ball python. You headbutt the ball python.
You kill the ball python!
You see here a ball python corpse.
You see here a ball python corpse.
A frilled lizard comes into view.
You block the frilled lizard's attack.
You miss the frilled lizard.
The frilled lizard bites you. ๐Ÿ˜• HP[-1]
You take 1 damage, and now have 40/41 hp.
You slash the frilled lizard!
You kill the frilled lizard! ๐Ÿ˜Ž HP[+1] Done exploring.
(D) Dungeon
Where to? (Enter - D:2, ? - help)
There is an open door here.
There is a stone staircase leading down here.
You climb downwards.
There is a stone staircase leading up here.
You see here a +0 falchion {long}.
Found a faded altar of an unknown god.
f - 2 scrolls labelled ONUOSE GETE (gained 1)
An adder comes into view.
The adder hisses angrily.
An endoplasm comes into view.
The adder closely misses you.
You closely miss the adder. Your headbutt misses the adder.
The adder bites you but does no damage.
You miss the adder. The adder bites you. The adder closely misses you.
You furiously retaliate!
You headbutt the adder! ๐Ÿ˜• HP[-3]
You take 3 damage, and now have 38/41 hp.
You barely miss the adder. Your headbutt misses the adder.
You block the adder's attack. The adder bites you but does no damage.
You hit the adder.
You kill the adder!
You see here an adder corpse.
An endoplasm is nearby!
You see here a +0 war axe {axe}. ๐Ÿ˜• HP[+1]
The endoplasm quivers.
You see here 18 gold pieces.
You block the endoplasm's attack. ๐Ÿ˜• HP[+1]
You hit the endoplasm.
The endoplasm hits you but does no damage.
You slash the endoplasm!
You kill the endoplasm!
You now have 180 gold pieces (gained 18). ๐Ÿ˜Ž HP[+1]
You see here 4 poisoned darts {throwing}.
n - 4 poisoned darts {throwing} You see here a +0 leather armour.
A hobgoblin comes into view.
The hobgoblin shouts!
The hobgoblin barely misses you. You furiously retaliate!
You headbutt the hobgoblin.
You kill the hobgoblin!
You see here a hobgoblin corpse.
You see here 14 stones {throwing}.
o - a bubbling grey potion You now have 193 gold pieces (gained 13).
You pick up Plato's Grimoire of the Entourage and begin reading...
You add the spell Summon Small Mammal to your library.
There is a faded altar of an unknown god here.
A steam dragon comes into view.
The steam dragon hisses angrily.
The steam dragon breathes steam at you. The ball of steam hits you!
You hear a shout! ๐Ÿ˜• HP[-9]
You take 9 damage, and now have 32/41 hp.
MASSIVE DAMAGE!! (PAUSE)
You are engulfed in a cloud of scalding steam.
You block the steam dragon's attack.
The steam dragon claws you but does no damage. ๐Ÿ˜• HP[-1]
You take 1 damage, and now have 31/41 hp.
You closely miss the steam dragon.
You are engulfed in a cloud of scalding steam.
* * * LOW HITPOINT WARNING * * *
The steam dragon bites you.
* * * LOW HITPOINT WARNING * * *
The steam dragon claws you.
* * * LOW HITPOINT WARNING * * *
You block the steam dragon's attack. The steam dragon claws you.
* * * LOW HITPOINT WARNING * * *
๐Ÿ˜ฑ HP[-22]
You take 22 damage, and now have 9/41 hp.
MASSIVE DAMAGE!! (PAUSE)
You closely miss the steam dragon. You headbutt the steam dragon.
You are engulfed in a cloud of scalding steam.
* * * LOW HITPOINT WARNING * * *
The steam dragon breathes steam at you. The ball of steam hits you!!
You die...

Skill      XL: |  1  2 |
---------------+-------+-----
Armour         | 4 |  4.4
Fighting       | 4 |  4.4
Shields        | 4 |  4.4
Long Blades    | 3 |  3.5

Action                   |  1- 3 |  4- 6 || total
-------------------------+-------+-------++-------
Melee: Long sword        |    87 |    36 ||   123
       Headbutt          |     9 |     4 ||    13
Armor: Scale mail        |    45 |    20 ||    65
Dodge: Dodged            |    44 |    15 ||    59
Block: Buckler           |    25 |    15 ||    40

Levels and vault maps discovered:
D:1:      noname_arrival_rooms_in_the_neighbourhood, layout_loops_ring
D:2:      layout_basic, basic_altar, hangedman_feature_mirror,
          minmay_misc_feat_diagonals
D:3:      layout_rooms, shapermc_ecumenical_altar_rom_forum, serial_glass,
          glass_columns_a, glass_columns_a, uniq_ijyb

Notes
Turn   | Place    | Note
-------+----------+-------------------------------------------
     0 | D:1      | Faeu the Minotaur Fighter began the quest for the Orb.
     0 | D:1      | Reached XP level 1. HP: 19/19 MP: 0/0
     0 | D:1      | magus.rc [v1.9.6]
   201 | D:1      | magus.rc [v1.9.6]
   249 | D:1      | magus.rc [v1.9.6]
   259 | D:1      | Reached XP level 2. HP: 24/27 MP: 1/1
   587 | D:1      | Reached skill level 4 in Armour
   785 | D:1      | Reached skill level 4 in Fighting
   786 | D:1      | Reached skill level 4 in Shields
   866 | D:2      | Reached skill level 3 in Long Blades
   904 | D:2      | Reached XP level 3. HP: 31/33 MP: 2/2
  1068 | D:2      | Found a radiant altar of Vehumet.
  1296 | D:2      | Reached XP level 4. HP: 37/40 MP: 3/3
  1901 | D:3      | Found a faded altar of an unknown god.
  2021 | D:3      | Got Plato's Grimoire of the Entourage
  2032 | D:3      | Noticed a steam dragon
  2037 | D:3      | HP: 9/41 [steam dragon (4)]
  2038 | D:3      | Killed from afar by a steam dragon

Vanquished Creatures
  3 adders
  A worm (D:2)
  3 dart slugs
  4 endoplasms
  3 giant cockroaches
  5 hobgoblins
  4 jackals (D:2)
  5 kobolds
  5 quokkas
  8 ball pythons
  4 bats
  4 frilled lizards
  2 goblins (D:2)
  2 rats
53 creatures vanquished.

Table legend:
 A = Non-vault XP
 B = Vault XP
 C = Vault XP percentage of total XP
 D = Non-vault monster count
 E = Vault monster count
 F = Vault count percentage of total count
                 A         B        C        D         E       F
            +---------+---------+-------+---------+---------+-------
      Total |     119 |      10 |   7.8 |      49 |       4 |   7.5
            +---------+---------+-------+---------+---------+-------
        D:1 |      35 |       0 |   0.0 |      21 |       0 |   0.0
        D:2 |      67 |      10 |  13.0 |      25 |       4 |  13.8
        D:3 |      17 |       0 |   0.0 |       3 |       0 |   0.0
            +---------+---------+-------+---------+---------+-------

Illustrated notes

Table legend:
 A = Kills in this place as a percentage of kills in entire the game.
 B = Kills by you in this place as a percentage of kills by you in the entire game.
 C = Kills by friends in this place as a percentage of kills by friends in the entire game.
 D = Other kills in this place as a percentage of other kills in the entire game.
 E = Experience gained in this place as a percentage of experience gained in the entire game.
 F = Experience gained in this place divided by the number of levels of this place that you have seen.
                   A       B       C       D       E      F
               +-------+-------+-------+-------+-------+----------------------
         Total | 100.0 | 100.0 |   N/A |   N/A | 100.0 |  43.0
       Dungeon | 100.0 | 100.0 |   N/A |   N/A | 100.0 |  43.0
               +-------+-------+-------+-------+-------+----------------------

Table legend: (Time is in decaauts)
 A = Elapsed time spent in this place.
 B = Non-inter-level travel time spent in this place.
 C = Inter-level travel time spent in this place.
 D = Time resting spent in this place.
 E = Time spent auto-exploring this place.
 F = Levels seen in this place.
 G = Mean time per level.
                   A        B        C        D        E       F      G
               +--------+--------+--------+--------+--------+-----+--------+
         Total |   2071 |   2008 |     63 |      0 |   1480 |   3 |  690.3 |
       Dungeon |   2071 |   2008 |     63 |      0 |   1480 |   3 |  690.3 |
               +--------+--------+--------+--------+--------+-----+--------+

Top non-repeatable levels by time:
     D:2: 1034 daAuts
     D:1: 877 daAuts
     D:3: 159 daAuts
